 Dungeon Crawl Stone Soup version 0.27.1 (webtiles) character file.

Game seed: 1124613193074089211

54 Opti the Chopper (level 3, -6/31 HPs)
             Began as a Hill Orc Berserker on Aug 22, 2021.
             Was a Believer of Trog.
             Mangled by a gnoll (9 damage)
             ... on level 2 of the Dungeon.
             The game lasted 00:06:50 (2371 turns).

Opti the Chopper (Hill Orc Berserker)               Turns: 2371, Time: 00:06:50

Health: -6/31      AC:  3    Str: 20    XL:     3   Next: 91%
Magic:  3/3        EV: 11    Int:  7    God:    Trog [**....]
Gold:   27         SH:  0    Dex: 10    Spells: 2/2 levels left

rFire    . . .     SeeInvis .   a - +0 hand axe
rCold    . . .     Faith    .   (no shield)
rNeg     . . .     Spirit   .   b - +1 animal skin
rPois    .         Reflect  .   (no helmet)
rElec    .         Harm     .   (no cloak)
rCorr    .         Rampage  .   (no gloves)
Will     .....                  (no boots)
Stlth    +.........             (no amulet)
HPRegen  0.10/turn              (no ring)
MPRegen  0.08/turn              (no ring)

@: no status effects
A: no striking features
a: Renounce Religion, Berserk, Trog's Hand


You were on level 2 of the Dungeon.
You worshipped Trog.
Trog was pleased with you.
You visited 1 branch of the dungeon, and saw 2 of its levels.

You collected 27 gold pieces.

Inventory:

Hand Weapons
 a - a +0 hand axe (weapon)
Armour
 b - a +1 animal skin (worn)
 c - a +0 robe
Magical Staves
 f - a staff of earth
Scrolls
 i - a scroll of amnesia


   Skills:
 - Level 3.6 Fighting
 + Level 0.9(1.0) Short Blades
 + Level 0.6(1.0) Long Blades
 - Level 4.0 Axes
 + Level 0.6(2.2) Maces & Flails
 + Level 0.5(0.7) Staves
 + Level 0.5(0.8) Slings
 + Level 0.5 Bows
 + Level 0.2 Crossbows
 + Level 0.9(1.0) Throwing
 - Level 2.1 Armour
 - Level 1.5 Dodging
 + Level 0.5 Shields
 + Level 1.3 Invocations
 + Level 0.8 Evocations


You had 2 spell levels left.
You didn't know any spells.
Your spell library was empty.

Dungeon Overview and Level Annotations

Branches:
Dungeon (2/15)

Altars:


Message History

The endoplasm is heavily wounded.
The endoplasm closely misses you.
You barely miss the endoplasm.
The endoplasm is heavily wounded.
The endoplasm misses you.
You slash the endoplasm!
You kill the endoplasm!
Trog accepts your kill.
You start resting.
HP restored.
Found a stone staircase leading down.
A gnoll comes into view.
It is wielding a +0 flail of protection.
A gnoll is nearby! 2 gnolls come into view.
The gnoll shouts! x2
You closely miss the gnoll.
The gnoll shouts!
The gnoll barely misses you.
The gnoll hits you with a +0 flail of protection!
You slash the gnoll!
The gnoll is heavily wounded.
The gnoll barely misses you.
The gnoll hits you with a +0 flail of protection!
You slash the gnoll!
You kill the gnoll!
Trog accepts your kill. The gnoll closely misses you.
The gnoll barely misses you.
The gnoll hits you from afar with a +0 spear!
* * * LOW HITPOINT WARNING * * *
Things that are here:
a +0 flail of protection; a gnoll corpse The gnoll hits you from afar with a +0 halberd.
* * * LOW HITPOINT WARNING * * *
The gnoll closely misses you. The gnoll hits you with a +0 spear.
* * * LOW HITPOINT WARNING * * *
Things that are here:
a +0 flail of protection; a gnoll corpse The gnoll closely misses you.
The gnoll hits you with a +0 spear!
You die...

********####***
*,,,,,,,....,,*
*,,,,,,,.....,*
**,,,,,,,.....,*
,,,,,,,,,......###
**,...,,,......#.#
,,,..>,,,.....gg)#
,**#..,**#######@#
,* #.#,####### #.#
,* #.#,#.....###.#
,* #.#,#.###.....#
.###.###.#########
................,*
.###.###.....###,*
.# #.# #####.# *,*
.###.# *,# *,*


You could see 2 gnolls.

Vanquished Creatures
  A gnoll (D:2)
  A worm (D:2)
  4 endoplasms
  3 giant cockroaches (D:1)
  3 goblins (D:1)
  3 hobgoblins (D:1)
  4 jackals (D:1)
  2 quokkas (D:1)
  2 bats (D:1)
  8 frilled lizards
  5 kobolds
  3 rats
39 creatures vanquished.

Notes
Turn   | Place    | Note
-------+----------+-------------------------------------------
     0 | D:1      | Opti the Hill Orc Berserker began the quest for the Orb.
     0 | D:1      | Reached XP level 1. HP: 19/19 MP: 1/1
   222 | D:1      | Reached XP level 2. HP: 25/26 MP: 2/2
   563 | D:1      | Reached skill level 1 in Invocations
  1003 | D:1      | Reached XP level 3. HP: 19/31 MP: 3/3
  1131 | D:1      | Reached ** piety under Trog
  2017 | D:2      | Noticed a shining eye
  2018 | D:2      | Found a faded altar of an unknown god.
  2371 | D:2      | Mangled by a gnoll

Illustrated notes

Levels and vault maps discovered:
D:1:      dpeg_arrival_brainrot, layout_basic, minmay_misc_feat_nine_boxes,
          minmay_nonomino_d4
D:2:      layout_basic, hellmonk_ecumenical_altar_watching_god

Skill      XL: |  1  2 |
---------------+-------+-----
Invocations    | 1 |  1.3
Fighting       | |  3.6
Short Blades   | |  0.9
Long Blades    | |  0.6
Axes           | |  4.0
Maces & Flails | |  0.6
Staves         | |  0.5
Slings         | |  0.5
Bows           | |  0.5
Crossbows      | |  0.2
Throwing       | |  0.9
Armour         | |  2.1
Dodging        | |  1.5
Shields        | |  0.5
Evocations     | |  0.8

Action                   || total
-------------------------++-------
Melee: Hand axe          ||   118
  Use: Scroll            ||     4
       Potion            ||     1
Armor: Animal skin       ||    26
Dodge: Dodged            ||    89
